 Dungeon Crawl Stone Soup version 0.30.0-13-g156ef70053 (webtiles) character file.

Game seed: 15364704272284496224

2540 browni3141 the Trooper (level 9, -3/79 HPs)
             Began as a Minotaur Fighter on May 17, 2023.
             Was a Believer of Okawaru.
             Slain by a gnoll
             ... wielding a +0 spear
             ... led by a gnoll sergeant
              (5 damage)
             ... on level 8 of the Dungeon.
             The game lasted 00:03:45 (7250 turns).

browni3141 the Trooper (Minotaur Fighter)           Turns: 7250, Time: 00:03:46

Health: -3/79      AC: 14    Str: 20    XL:     9   Next: 30%
Magic:  9/9        EV:  8    Int:  5    God:    Okawaru [**....]
Gold:   263        SH:  6    Dex: 15    Spells: 8/8 levels left

rFire   . . .        a - +0 war axe
rCold   . . .        c - +0 buckler
rNeg    . . .        x - +0 plate armour
rPois   .            (helmet restricted)
rElec   .            y - +0 cloak
rCorr   +            (no gloves)
SInv    .            (no boots)
Will    .....        K - amulet of regeneration Stlth
                     I - ring of resist corrosion
HPRegen 1.13/turn    (no ring)
MPRegen 0.11/turn

%: no passive effects
@: lethally poisoned (-3 -> -10), slowed, very slow
A: horns 2, retaliatory headbutt
a: Renounce Religion, Heroism


You were on level 8 of the Dungeon.
You worshipped Okawaru.
Okawaru was pleased with you.
You visited 2 branches of the dungeon, and saw 9 of its levels.
You also visited: Sewer.

You collected 263 gold pieces.

Inventory:

Hand Weapons
 a - a +0 war axe (weapon)
Missiles
 J - 4 curare-tipped darts (quivered)
Armour
 b - a +0 scale mail
 c - a +0 buckler (worn)
 x - a +0 plate armour (worn)
 y - a +0 cloak (worn)
 V - a +0 cloak
Jewellery
 q - a ring of wizardry
 I - a ring of resist corrosion (left hand)
 K - an amulet of regeneration (around neck)
Wands
 p - a wand of quicksilver (7)
 P - a wand of paralysis (8)
Scrolls
 r - 8 scrolls of identify {unknown}
 s - a scroll of fog {unknown}
 t - a scroll of acquirement {unknown}
 u - a scroll of enchant armour {unknown}
 w - 2 scrolls of torment {unknown}
 A - 3 scrolls of enchant weapon {unknown}
 E - a scroll of noise {unknown}
 G - a scroll of brand weapon {unknown}
 L - 4 scrolls of teleportation {unknown}
 Q - a scroll of fear {unknown}
 S - 2 scrolls of silence {unknown}
 U - a scroll of immolation {unknown}
 W - 2 scrolls of magic mapping {unknown}
 X - 3 scrolls of poison {unknown}
Potions
 v - 3 potions of lignification {unknown}
 z - 3 potions of attraction {unknown}
 B - a potion of invisibility {unknown}
 C - 6 potions of curing
 D - 3 potions of heal wounds {unknown}
 F - 2 potions of mutation {unknown}
 H - a potion of berserk rage {unknown}
 M - 3 potions of might
 N - 3 potions of magic {unknown}
 O - 2 potions of degeneration {unknown}
 R - a potion of flight {unknown}
 T - a potion of brilliance {unknown}
 Y - 3 potions of haste {unknown}
 Z - a potion of resistance {unknown}


   Skills:
 + Level 7.6 Fighting
 + Level 7.0 Axes
 + Level 7.5 Armour
 + Level 6.0 Dodging
 + Level 7.6 Shields
 + Level 2.0 Invocations


You had 8 spell levels left.
You didn't know any spells.
Your spell library contained the following spells:

 Spells                   Type           Power      Damage    Failure   Level
 Beastly Appendage        Tmut           0%         N/A       100%        1
 Kiss of Death            Conj/Necr      0%         2d5       100%        1
 Magic Dart               Conj           0%         1d3       100%        1
 Blink                    Tloc           0%         N/A       100%        2
 Ensorcelled Hibernation  Hex/Ice        0%         N/A       100%        2
 Lesser Beckoning         Tloc           0%         N/A       100%        2
 Momentum Strike          Conj/Tloc      0%         3d8       100%        2
 Searing Ray              Conj           0%         2d4       100%        2
 Wereblood                Tmut           0%         N/A       100%        2
 Mephitic Cloud           Conj/Pois/Air  0%         N/A       100%        3
 Spider Form              Tmut/Pois      0%         N/A       100%        3
 Volatile Blastmotes      Fire/Tloc      0%         2d10      100%        3
 Anguish                  Hex/Necr       0%         N/A       100%        4
 Fulminant Prism          Conj/Hex       0%         3d5       100%        4
 Iskenderun's Mystic Bla  Conj/Tloc      0%         2d3       100%        4
 Manifold Assault         Tloc           0%         N/A       100%        4
 Lee's Rapid Deconstruct  Erth           0%         3d4*      100%        5
 Storm Form               Tmut/Air       0%         N/A       100%        7
 Call Imp                 Summ           Unusable   N/A       N/A         2

Dungeon Overview and Level Annotations

Branches:
Dungeon (8/15)             Temple (1/1) D:5            Lair (0/5) D:8
  Sewer (visited)

Altars:
Cheibriados
Dithmenos
Elyvilon
Gozag
Hepliaklqana
Nemelex Xobeh
Okawaru
Qazlal
Ru
Trog
Vehumet
Xom
Zin
The Shining One


Innate Abilities, Weirdness & Mutations

You have a pair of horns on your head.
You reflexively headbutt those who attack you in melee.


Message History

Your Axes skill increases to level 7!
Your Dodging skill increases to level 6!
Your Invocations skill increases to level 2!
You enter the shallow water.
Moving in this stuff is going to be slow.
You feel sick.
You feel sick.
You are no longer poisoned.
You see here a killer bee corpse.
r - 8 scrolls labelled XUZET HY HOL (gained 1)
You see here a killer bee corpse.
Found a stone staircase leading down.
C - 6 potions of curing (gained 1)
z - 3 bubbling golden potions (gained 1)
You now have 251 gold pieces (gained 12).
Found a stone staircase leading up.
You now have 263 gold pieces (gained 12).
A gnoll comes into view. It is wielding a +0 spear.
The gnoll shouts!
You hear a shout!
There is a stone staircase leading up here.
A gnoll is nearby!
A gnoll is nearby!
A gnoll is nearby!
A gnoll is nearby!
A gnoll comes into view. It is wielding a +0 flail.
The gnoll hits you but does no damage.
A gnoll sergeant comes into view. It is wielding a +0 spear.
You barely miss the gnoll.
The gnoll sergeant shouts!
The gnoll hits you but does no damage.
A hornet comes into view.
You barely miss the gnoll.
The hornet buzzes angrily.
You headbutt the gnoll!
The gnoll is heavily wounded.
The gnoll hits you with a +0 spear.
A gnoll comes into view. It is wielding a +0 spear.
The gnoll closely misses you. You furiously retaliate!
You headbutt the gnoll. You slash the gnoll!
You kill the gnoll!
Okawaru accepts your kill. The gnoll hits you with a +0 flail.
Things that are here:
a +0 spear; a gnoll corpse You miss the hornet.
You headbutt the hornet.
The hornet is lightly wounded.
You closely miss the gnoll. The hornet stings you!
You are poisoned.
You feel yourself slow down. You block the hornet's attack.
The gnoll sergeant barely misses you. The gnoll closely misses you.
You furiously retaliate!
You headbutt the gnoll. You closely miss the gnoll. You headbutt the gnoll!
The gnoll is almost dead.
You closely miss the hornet.
You feel yourself speed up.
You feel very sick.
The hornet stings you but does no damage.
The hornet stings you.
You feel yourself slow down.
The gnoll sergeant hits you but does no damage.
The gnoll throws a throwing net.
The throwing net hits you.
You become entangled in the net!
The hornet barely misses you. You furiously retaliate!
You headbutt the hornet. The gnoll hits you but does no damage.
A sleepcap comes into view.
The gnoll sergeant hits you from afar with a +0 spear.
The gnoll hits you but does no damage.
You struggle against the net.
You feel sick. The hornet stings you!
You feel as though you will be slow longer.
The gnoll hits you with a +0 flail. The gnoll hits you but does no damage.
The gnoll sergeant hits you from afar with a +0 spear.
The hornet stings you!
You feel as though you will be slow longer.
You tear a large gash into the net.
You feel sick.
The hornet stings you but does no damage.
The gnoll barely misses you.
The gnoll sergeant hits you from afar with a +0 spear.
The gnoll hits you from afar with a +0 spear.
The hornet stings you.
You are more poisoned.
You feel as though you will be slow longer.
The gnoll hits you but does no damage.
The gnoll hits you from afar with a +0 spear.
The gnoll sergeant barely misses you.
The hornet stings you but does no damage.
You struggle against the net.
You feel very sick. The hornet stings you.
You are more poisoned.
You suddenly lose the ability to move!
The gnoll hits you with a +0 flail.
The gnoll hits you from afar with a +0 spear.
The gnoll sergeant barely misses you.
The hornet stings you but does no damage.
You can move again.
You shred the net and break free!
You feel extremely sick.
The hornet stings you but does no damage.
The gnoll closely misses you.
The gnoll sergeant hits you but does no damage.
The gnoll hits you from afar with a +0 spear.
You die...

# ##......##...# #
#.......##.#.#
#####....[.#......
#..##...........##
#..<...........## # #
##...............
#..#.#.......###.##...#
#.......###### .# #...
......g@.# ..
...###y..# #. #gg... #
f......# ......^.#
..##..#.## ..# ######
...


You could see a hornet, a sleepcap, a gnoll sergeant and 2 gnolls.

Vanquished Creatures
  A wyvern (D:7)
  A steam dragon (D:6)
  A water moccasin (D:5)
  2 ice beasts
  A sky beast (D:8)
  A black bear (D:5)
  An ogre (D:6)
  A centaur (D:7)
  The ghost of Esekla the Grave Robber, an amateur OpNe (D:3)
  2 kobold brigands (Sewer)
  A phantom (D:7)
  3 scorpions
  A gnoll sergeant (D:5)
  A wyvern zombie (D:3)
  4 wights
  4 killer bees (D:8)
  A howler monkey (Temple)
  A jelly (D:7)
  An orc priest (D:4)
  Crazy Yiuf (D:4)
  3 hounds
  4 iguanas
  2 killer bee zombies (D:3)
  A howler monkey zombie (D:3)
  9 gnolls
  2 river rats (D:4)
  10 adders
  4 worms
  6 orcs
  14 endoplasms
  5 giant cockroaches
  6 goblins
  3 hobgoblins
  A jackal (D:1)
  A quokka (D:2)
  5 ball pythons
  9 bats
  3 frilled lizards
  14 kobolds
  11 rats
143 creatures vanquished.

Notes
Turn   | Place    | Note
-------+----------+-------------------------------------------
     0 | D:1      | browni3141 the Minotaur Fighter began the quest for the
                  | Orb.
     0 | D:1      | Reached XP level 1. HP: 19/19 MP: 0/0
   154 | D:1      | Reached XP level 2. HP: 12/27 MP: 1/1
   736 | D:1      | Reached XP level 3. HP: 33/33 MP: 2/2
   979 | D:2      | Reached skill level 3 in Axes
  1390 | D:2      | Reached XP level 4. HP: 36/40 MP: 3/3
  1421 | D:2      | Found a faded altar of an unknown god.
  1427 | D:2      | Got Plato's Elucidation of the Volley
  1992 | D:3      | Found a bloodstained altar of Trog.
  2005 | D:3      | Reached XP level 5. HP: 47/47 MP: 4/4
  2117 | D:3      | Found a shimmering altar of Xom.
  2330 | D:3      | Found a runed translucent gate.
  2332 | D:3      | Found a runed translucent gate.
  2332 | D:3      | Found a runed translucent gate.
  2336 | D:3      | Noticed Esekla's ghost (amateur OpNe)
  2975 | D:3      | Reached XP level 6. HP: 7/56 MP: 5/5
  2976 | D:3      | Killed Esekla's ghost
  2977 | D:3      | Reached skill level 3 in Dodging
  3394 | D:4      | Found a glowing drain.
  3416 | Sewer    | Entered a sewer
  3539 | Sewer    | Reached XP level 7. HP: 55/61 MP: 6/6
  4432 | D:4      | Found a runed translucent door.
  4433 | D:4      | Noticed Crazy Yiuf
  4666 | D:4      | Killed Crazy Yiuf
  4780 | D:5      | Entered Level 5 of the Dungeon
  4887 | D:5      | Found a staircase to the Ecumenical Temple.
  5034 | D:5      | HP: 2/62 [gnoll sergeant/+3 spear of venom (5)]
  5035 | D:5      | Reached skill level 6 in Fighting
  5035 | D:5      | Reached skill level 6 in Armour
  5040 | D:5      | Reached skill level 6 in Shields
  5146 | Temple   | Entered the Ecumenical Temple
  5354 | Temple   | Became a worshipper of Warmaster Okawaru
  5386 | D:5      | Reached XP level 8. HP: 65/70 MP: 7/7
  6052 | D:6      | Reached * piety under Okawaru
  6090 | D:6      | Found a glowing silver altar of Zin.
  6090 | D:6      | Found a white marble altar of Elyvilon.
  6090 | D:6      | Found a glowing golden altar of the Shining One.
  6284 | D:6      | Reached skill level 6 in Axes
  6610 | D:7      | Found a shadowy altar of Dithmenos.
  6995 | D:7      | Reached XP level 9. HP: 46/79 MP: 5/8
  7024 | D:8      | Reached ** piety under Okawaru
  7060 | D:8      | Found a staircase to the Lair.
  7154 | D:8      | Reached skill level 6 in Dodging
  7249 | D:8      | Paralysed by a hornet for 1 turns
  7250 | D:8      | HP: 2/79 [poisoned by a hornet]
  7250 | D:8      | Slain by a gnoll

Illustrated notes

Levels and vault maps discovered:
D:1:      amcnicky_arrival_abandoned_market, layout_basic, minmay_pentomino_v4
D:2:      layout_basic, shapermc_ecumenical_altar_rom_forum
D:3:      layout_loops_corners, mainiacjoe_overflow_paths, xom_confusion_cloud,
          gammafunk_ghost_necromancy, minivault_27, grunt_ministairs_15
D:4:      layout_layer_cave, portal_sewer_entry_b, uniq_crazy_yiuf_cottage
D:5:      layout_cave_pods, temple_pool_b
D:6:      layout_basic, good_gods_mini_temple
D:7:      layout_rooms, mainiacjoe_overflow_concentric_impassable
D:8:      layout_cave_pools, dpeg_oklobed_lair
Temple:   nicolae_temple_bog_church

Skill      XL: |  1  2  3  4  5  6  7  8  9 |
---------------+----------------------------+-----
Dodging        | 1 2 3 4 5 6 |  6.0
Armour         | 4 5 6 7 |  7.5
Fighting       | 4 5 6 7 |  7.6
Shields        | 4 5 6 7 |  7.6
Axes           | 3 4 5 6 7 |  7.0
Invocations    | 1 2 |  2.0

Action                     |  1- 3 |  4- 6 |  7- 9 || total
---------------------------+-------+-------+-------++-------
  Melee: War axe           |    76 |   120 |   184 ||   380
         Headbutt          |     9 |    19 |    44 ||    72
  Throw: Dart              |       |       |     4 ||     4
 Invoke: Heroism           |       |       |     1 ||     1
    Use: Potion            |       |       |     3 ||     3
 Armour: Scale mail        |    36 |    58 |    13 ||   107
         Plate armour      |       |       |   121 ||   121
  Dodge: Dodged            |    36 |    87 |    92 ||   215
  Block: Buckler           |    21 |    26 |    68 ||   115
